 Dungeon Crawl Stone Soup version 0.17.2-1-ge4368a0 (webtiles) character file.

28 ololoev the Chopper (level 2, 3/24 HPs)
             Began as a Demonspawn Berserker on July 26, 2016.
             Was a Follower of Trog.
             Quit the game on level 4 of the Dungeon.
             The game lasted 00:01:04 (143 turns).

ololoev the Chopper (Demonspawn Berserker)           Turns: 143, Time: 00:01:04

Health: 3/24       AC:  2    Str: 17    XL:     2   Next: 96%
Magic:  2/2        EV: 12    Int:  8    God:    Trog [*.....]
Gold:   12         SH:  0    Dex: 12    Spells: 0 memorised, 1 level left

rFire  . . .     SeeInvis .     a - +0 hand axe
rCold  . . .     Clarity  +     b - +0 animal skin
rNeg   . . .     SustAt   .     (no shield)
rPois  .         Gourm    .     (no helmet)
rElec  .         Spirit   +     (no cloak)
rCorr  .         Warding  .     (no gloves)
rMut   .         Stasis   .     (no boots)
MR     .....                    i - amulet of clarity
Stlth  +.........               (no ring)
                                (no ring)

@: lethally poisoned (3 -> -6), exhausted, flying, very slightly contaminated,
slowed, invisible, very slow, not resistant to hostile enchantments, very
unstealthy
A: magic shield
a: Berserk, Burn Spellbooks, Renounce Religion


Innate Abilities, Weirdness & Mutations

When hurt, damage is shared between your health and your magic reserves.

Inventory:

Hand Weapons
 a - a +0 hand axe (weapon)
Armour
 b - a +0 animal skin (worn)
Jewellery
 i - an amulet of clarity (around neck)
Scrolls
 f - 2 scrolls of identify {unknown}
 g - a scroll of remove curse {unknown}
 h - a scroll of noise {unknown}
Comestibles
 c - 2 bread rations


   Skills:
 - Level 3.0 Fighting
 * Level 3.3 Axes
 + Level 2.4 Armour
 - Level 1.7 Dodging


You had one spell level left.
You didn't know any spells.


You were on level 4 of the Dungeon.
You worshipped Trog.
Trog was aware of your devotion.
You were not hungry.

You visited 1 branch of the dungeon, and saw 4 of its levels.

You collected 12 gold pieces.

#. ##.... . #######.....
.# #........... ... .
#.........# ....
..###........)# .....
.....<......#.####......
................@......#
..#..............#....##
. ##.............# ####
# ##..†<..........# #
#...#..........# .
..............#...# #
#.......#####.......
#.....##.# #...#.#.
#.......... ##.#..

Notes
Turn   | Place    | Note
--------------------------------------------------------------
     0 | D:1      | ololoev the Demonspawn Berserker began the quest for the Orb.
     0 | D:1      | Reached XP level 1. HP: 18/18 MP: 1/1
   106 | D:4      | Noticed ololoev's ghost (weakling DsGl)
   123 | D:4      | Noticed a worker ant
   132 | D:4      | Killed a worker ant
   132 | D:4      | Gained mutation: When hurt, damage is shared between your health and your magic reserves. [demonic ancestry]
   132 | D:4      | Reached XP level 2. HP: 17/24 MP: 2/2
   143 | D:4      | Quit the game

Dungeon Overview and Level Annotations

Branches:
Dungeon (4/15)
 Temple: D:4-7

Altars:

Annotations:
D:4 ololoev's ghost, weakling DsGl


Message History

You closely miss the worker ant.
The worker ant is almost dead.
The worker ant bites you.
You are more poisoned.
The worker ant poisons you!
You slash the worker ant!
You kill the worker ant!
Trog accepts your kill.
Your Axes skill increases to level 3!
You have reached level 2!
Your demonic ancestry asserts itself...
You feel your magical essence form a protective shroud around your flesh.
You feel sick.
You feel sick.
You feel a strong urge to attack something.
You feel sick.
i - a thick blue amulet;
c - 2 bread rations (gained 1)
You feel sick.
You are too berserk!
Unknown command.
You are no longer berserk.
You pass out from exhaustion.
You feel yourself slow down.
You feel sick. x3
You can move again.
Unknown command.
Unknown command.
Put on which piece of jewellery? (? for menu, Esc to quit)
i - an amulet of clarity (around neck)
You feel sick.
Drink which item? (? for menu, Esc to quit)
It was a potion of flight.
You feel very buoyant.
You fly up into the air.
You feel sick.
Drink which item? (? for menu, Esc to quit)
It was a potion of invisibility.
You fade into invisibility!
You feel sick.
You are very lightly contaminated with residual magic.
Are you sure you want to abandon this character and quit the game? (Confirm with "yes".)

There were no monsters in sight!

Vanquished Creatures
  A worker ant (D:4)
  A giant gecko (D:2)
  A hobgoblin (D:3)
  A quokka (D:4)
  A giant newt (D:2)
  A rat (D:2)
6 creatures vanquished.

Action                   || total
-------------------------++-------
Melee: Hand axe          ||    13
Invok: Berserk           ||     1
  Use: Potion            ||     2

Vault maps used:
D:1:      dpeg_arrival_central
D:2:      uniq_sigmund
D:3:      minitemple, uniq_robin
D:4:      vehumet_altar_wand_db, nicolae_ossuary_entry_plus, roderic_lattice_a
